 Dungeon Crawl Stone Soup version 0.26.1-2-gb8aa6d0cf2 (webtiles) character file.

Game seed: 9572380685814076856

7889 Revguard the Thaumaturge (level 11, 0/93 HPs)
             Began as a Deep Elf Conjurer on Mar 21, 2021.
             Was a Believer of Sif Muna.
             Succumbed to a queen ant's poison
             ... on level 8 of the Dungeon.
             The game lasted 00:41:11 (11553 turns).

Revguard the Thaumaturge (Deep Elf Conjurer)       Turns: 11553, Time: 00:41:11

Health: 0/93       AC: 25    Str:  9    XL:     11   Next: 2%
Magic:  4/27       EV:  2    Int: 24    God:    Sif Muna [**....]
Gold:   137        SH:  0    Dex: 17    Spells: 8/30 levels left

rFire    + . .     SeeInvis .   u - staff of air
rCold    . . .     Faith    .   (no shield)
rNeg     + + +     Spirit   .   (armour currently unavailable)
rPois    +         Reflect  .   (helmet currently unavailable)
rElec    +         Harm     .   (cloak currently unavailable)
rCorr    .         Rampage  .   (gloves currently unavailable)
Will     +....     NoTele   +   (boots currently unavailable)
Stlth    ++++......             (no amulet)
HPRegen  0.25/turn              g - ring of Roinag {+Fly rF+ Dex+4}
MPRegen  0.20/turn              D - ring "Ama Ate" {rPois Slay+3 Stlth+}

@: lethally poisoned (0 -> -16), tree-form
A: strong 1, wild magic 1
a: Renounce Religion, Channel Magic


You were on level 8 of the Dungeon.
You worshipped Sif Muna.
Sif Muna was pleased with you.
You were a tree.
You visited 2 branches of the dungeon, and saw 9 of its levels.

You collected 461 gold pieces.
You spent 324 gold pieces at shops.

Inventory:

Hand Weapons
 m - a +0 dagger
 p - a +4 quarterstaff of chaos
 t - the +1 whip of Ypsiok {antimagic, *Rage rF++ Dex+3}
   (You found it on level 4 of the Dungeon)

   It reduces the magical energy of the wielder, and disrupts the spells and
   magical abilities of those hit.
   Natural abilities and divine invocations are not affected.
   It affects your dexterity (+3).
   It greatly protects you from fire.
   It may make you go berserk in combat.
Armour
 a - a +0 robe
 e - a +0 leather armour
 q - a +1 cloak (melded)
 v - a +2 robe of the Archmagi (melded)
Magical Staves
 u - an uncursed staff of air (weapon)
Jewellery
 g - the ring of Roinag (left branch) {+Fly rF+ Dex+4}
   (You took it off an orc wizard on level 8 of the Dungeon)

   [ring of flight]

   It affects your dexterity (+4).
   It protects you from fire.
   It lets you fly.
 r - an uncursed ring of flight
 w - an uncursed ring of see invisible
 D - the ring "Ama Ate" (right branch) {rPois Slay+3 Stlth+}
   (You bought it in a shop on level 8 of the Dungeon)

   [ring of stealth]

   It affects your accuracy and damage with ranged weapons and melee attacks
   (+3).
   It protects you from poison.
   It makes you more stealthy.
Wands
 l - a wand of polymorph (20)
 s - a wand of paralysis (7)
 y - a wand of random effects (7)
Scrolls
 b - 6 scrolls of teleportation
 d - a scroll of identify
 f - 2 scrolls of enchant weapon
 h - a scroll of noise
 i - a scroll of fear
 j - 2 scrolls of enchant armour
 k - a scroll of fog
 n - 3 scrolls of remove curse
 o - a scroll of magic mapping {unknown}
 A - a scroll of torment
 E - a scroll of silence {unknown}
Potions
 c - 5 potions of attraction
 z - a potion of haste
 C - a potion of flight


   Skills:
 * Level 4.6 Fighting
 + Level 2.4 Staves
 * Level 5.0 Armour
 + Level 4.8 Dodging
 + Level 5.3 Stealth
 + Level 10.0 Spellcasting
 + Level 9.2 Conjurations
 * Level 8.3 Hexes
 + Level 1.2 Translocations
 * Level 3.1 Invocations
 + Level 5.1 Evocations


You had 8 spell levels left.
You knew the following spells:

 Your Spells              Type           Power        Failure   Level
a - Sticky Flame          Conj/Fire      44%          12%         4
b - Searing Ray           Conj           100%         1%          2
c - Dazzling Flash        Conj/Hex       100%         1%          3
d - Fulminant Prism       Conj/Hex       31%          2%          4
e - Iskenderun's Mystic   Conj/Tloc      48%          10%         4
f - Fireball              Conj/Fire      22%          30%         5

Your spell library contained the following spells:

 Spells                   Type           Power        Failure   Level
 Corona                   Hex            67%          1%          1
 Foxfire                  Conj/Fire      100%         1%          1
 Magic Dart               Conj           100%         1%          1
 Conjure Flame            Conj/Fire      44%          4%          3
 Inner Flame              Hex/Fire       41%          4%          3
 Apportation              Tloc           46%          5%          1
 Animate Skeleton         Necr           30%          9%          1
 Summon Small Mammal      Summ           60%          9%          1


Dungeon Overview and Level Annotations

Branches:
Dungeon (8/15)             Temple (1/1) D:5            Lair (0/6) D:8

Altars:
Ashenzari
Cheibriados
Dithmenos
Elyvilon
Fedhas
Gozag
Hepliaklqana
Kikubaaqudgha
Makhleb
Nemelex Xobeh
Okawaru
Qazlal
Ru
Sif Muna
Trog
Uskayaw
Vehumet
Wu Jian
Xom
Zin
The Shining One

Shops:
D:8 *[

Annotations:
D:4 2 transporters


Innate Abilities, Weirdness & Mutations

Your muscles are strong. (Str +2)
Your spells are a little harder to cast, but a little more powerful.


Message History

* * * LOW HITPOINT WARNING * * *
You feel sick.
Aiming: Polymorph
Press: ? - help, Shift-Dir - straight line, f - you That beam is likely to hit you.
Continue anyway?
Nothing appears to happen.
* * * LOW HITPOINT WARNING * * *
You feel sick.
Aiming: Polymorph
Press: ? - help, Shift-Dir - straight line, f - you That beam is likely to hit you.
Continue anyway?
Nothing appears to happen.
* * * LOW HITPOINT WARNING * * *
You feel sick.
Okay, then.
Aiming: Polymorph
Press: ? - help, Shift-Dir - straight line, f - you That beam is likely to hit you.
Continue anyway?
Nothing appears to happen.
You die...

##.######.....#
#.##....#
#.....##.....#
#<#..####
#......#####
###..## #....<.#
###...## #......#
###...###
###.#.####...###
#.#..#...###
#.##$..###.. #
#♣###....
#........
#.###....
#.##.††###..
#....†B†.###
.....###.##...###
..#. #..###...###
# #.#.####...##
†..#.. ###..###


There were no monsters in sight!

Vanquished Creatures
  A two-headed ogre (D:8)
  2 unseen horrors
  A shadow (D:8)
  Sigmund (D:3)
  A yak (D:8)
  The ghost of EnergyMaker the Insei, an amateur DsBe of Trog (D:4)
  3 wargs (D:8)
  13 soldier ants (D:8)
  An acid dragon (D:8)
  Duvessa (D:4)
  An orc warrior (D:8)
  2 phantoms
  2 sky beasts
  A black bear (D:7)
  3 centaurs
  5 ogres
  7 bullfrogs
  Dowan (D:4)
  A scorpion (D:4)
  3 killer bees (D:8)
  A wight (D:8)
  2 vampire bats (D:2)
  Crazy Yiuf (D:2)
  A bullfrog skeleton (D:8)
  A hound (D:4)
  A centaur skeleton (D:8)
  5 orc priests
  Jessica (D:2)
  Terence (D:1)
  An iguana (D:8)
  14 orc wizards
  Natasha (thrice) (D:3)
  24 worker ants
  A hound skeleton (D:8)
  A worker ant zombie (D:5)
  14 adders
  A howler monkey skeleton (D:4)
  4 white imps
  An ufetubus (D:8)
  2 adder skeletons
  An adder zombie (D:6)
  2 worms (D:2)
  4 leopard geckos
  28 orcs
  4 bat skeletons (D:2)
  3 bat zombies (D:2)
  5 giant cockroaches
  5 goblins
  7 hobgoblins
  7 jackals
  7 kobolds
  4 quokkas
  5 ball pythons
  4 bats
  4 frilled lizards
  A leopard gecko skeleton (D:4)
  A quokka skeleton (D:4)
  11 rats
  5 fulminant prisms
239 creatures vanquished.

Vanquished Creatures (others)
  46 fulminant prisms
  7 plants
  3 withered plants (D:8)
56 creatures vanquished.

Grand Total: 295 creatures vanquished

Notes
Turn   | Place    | Note
-------+----------+-------------------------------------------
     0 | D:1      | Revguard the Deep Elf Conjurer began the quest for the Orb.
     0 | D:1      | Reached XP level 1. HP: 10/10 MP: 6/6
   300 | D:1      | Reached XP level 2. HP: 15/15 MP: 4/8
   303 | D:1      | Learned a level 2 spell: Searing Ray
   940 | D:2      | Noticed Terence
   951 | D:1      | Killed Terence
   952 | D:1      | Reached skill level 5 in Conjurations
   952 | D:1      | Reached XP level 3. HP: 19/20 MP: 2/9
  1073 | D:2      | Reached XP level 4. HP: 24/24 MP: 3/11
  1412 | D:2      | Learned a level 3 spell: Dazzling Flash
  1417 | D:2      | Learned a level 4 spell: Fulminant Prism
  1474 | D:2      | Reached skill level 4 in Spellcasting
  1688 | D:2      | Reached skill level 1 in Fighting
  1704 | D:2      | Noticed Jessica
  1706 | D:2      | Killed Jessica
  1831 | D:2      | Found a runed translucent door.
  1832 | D:2      | Noticed Crazy Yiuf
  1839 | D:2      | Killed Crazy Yiuf
  1840 | D:2      | Reached XP level 5. HP: 29/29 MP: 7/13
  1949 | D:2      | Reached skill level 1 in Armour
  2144 | D:2      | Found an ancient bone altar of Kikubaaqudgha.
  2161 | D:2      | Reached XP level 6. HP: 32/34 MP: 10/14
  2599 | D:3      | Noticed Natasha
  2602 | D:3      | Killed Natasha
  2879 | D:3      | Noticed Sigmund
  2900 | D:3      | Killed Sigmund
  2901 | D:3      | Reached skill level 5 in Spellcasting
  2901 | D:3      | Reached skill level 1 in Evocations
  2901 | D:3      | Reached XP level 7. HP: 24/39 MP: 7/16
  3035 | D:3      | Noticed Natasha
  3041 | D:3      | Killed Natasha
  3109 | D:3      | Found an opulent altar of Gozag.
  3109 | D:3      | Found a shadowy altar of Dithmenos.
  3117 | D:3      | Found a snail-covered altar of Cheibriados.
  3119 | D:3      | Found a hide-covered altar of Uskayaw.
  3121 | D:3      | Found an iron altar of Okawaru.
  3570 | D:3      | Noticed Natasha
  3615 | D:3      | Killed Natasha
  3694 | D:3      | Found a glowing golden altar of the Shining One.
  3799 | D:4      | Found a transporter.
  3853 | D:4      | Noticed Dowan
  3855 | D:4      | Noticed Duvessa
  3867 | D:4      | Killed Duvessa
  3877 | D:4      | Killed Dowan
  4023 | D:4      | Reached skill level 6 in Spellcasting
  4037 | D:4      | Learned a level 4 spell: Iskenderun's Mystic Blast
  4244 | D:4      | Found a transporter.
  4309 | D:4      | Reached XP level 8. HP: 45/45 MP: 11/19
  4445 | D:4      | Got a crude whip
  4448 | D:4      | Identified the +1 whip of Ypsiok {antimagic, *Rage rF++
                  | Dex+3} (You found it on level 4 of the Dungeon)
  4770 | D:4      | Found a transporter.
  4770 | D:4      | Noticed EnergyMaker's ghost (amateur DsBe)
  4779 | D:4      | Found a transporter.
  4848 | D:5      | Entered Level 5 of the Dungeon
  5115 | D:5      | Killed an unseen horror
  5116 | D:5      | Reached skill level 1 in Staves
  5116 | D:5      | Reached skill level 5 in Hexes
  5780 | D:5      | Found a staircase to the Ecumenical Temple.
  5786 | Temple   | Entered the Ecumenical Temple
  5824 | Temple   | Became a worshipper of Sif Muna the Loreminder
  6641 | D:6      | Found a burning altar of Makhleb.
  6956 | D:6      | Found a shimmering altar of Xom.
  6957 | D:6      | Found a shimmering altar of Xom.
  7427 | D:6      | Reached skill level 7 in Spellcasting
  7427 | D:6      | Reached XP level 9. HP: 50/50 MP: 17/21
  7560 | D:6      | Gained mutation: You are robust. (+10% HP) [potion of
                  | mutation]
  7560 | D:6      | Gained mutation: You expend magic power (3 MP) to
                  | strengthen your wands. [potion of mutation]
  7736 | D:4      | Killed EnergyMaker's ghost
  8196 | D:7      | Found a bloodstained altar of Trog.
  8899 | D:7      | Found a broken altar of Ashenzari.
  9156 | D:8      | Found Jynutzar's Armour Boutique.
  9177 | D:8      | Found a staircase to the Lair.
  9213 | D:8      | Reached skill level 8 in Spellcasting
  9213 | D:8      | Reached skill level 1 in Translocations
  9619 | D:8      | Noticed a two-headed ogre
  9632 | D:8      | Killed a two-headed ogre
  9632 | D:8      | Reached * piety under Sif Muna
  9633 | D:8      | Reached skill level 5 in Evocations
  9633 | D:8      | Reached XP level 10. HP: 13/61 MP: 12/24
  9881 | D:8      | Reached skill level 1 in Invocations
  9882 | D:8      | Reached skill level 5 in Stealth
  9986 | D:8      | Noticed an unseen horror
  9990 | D:8      | Killed an unseen horror
 10301 | D:8      | Found Kaphugio's Assorted Antiques.
 10308 | D:8      | Bought a scroll of teleportation for 81 gold pieces
 10308 | D:8      | Bought a pitted lead ring for 135 gold pieces
 10308 | D:8      | Bought a scroll labelled SOUMEUXTINN for 27 gold pieces
 10308 | D:8      | Bought a potion of curing for 81 gold pieces
 10309 | D:8      | Identified the ring "Ama Ate" {rPois Slay+3 Stlth+} (You
                  | bought it in a shop on level 8 of the Dungeon)
 10369 | D:8      | Reached skill level 9 in Spellcasting
 10370 | D:8      | Identified a scroll of acquirement
 10370 | D:8      | Acquired a book of Flames
 10380 | D:8      | Learned a level 4 spell: Sticky Flame
 10747 | D:8      | Learned a level 5 spell: Fireball
 11480 | D:8      | Identified the ring of Roinag {+Fly rF+ Dex+4}
 11482 | D:8      | Reached skill level 5 in Armour
 11512 | D:8      | Reached skill level 10 in Spellcasting
 11514 | D:8      | Reached XP level 11. HP: 53/68 MP: 5/27
 11514 | D:8      | Reached ** piety under Sif Muna
 11529 | D:8      | Noticed a queen ant
 11548 | D:8      | Lost mutation: You are robust. (+10% HP) [potion of
                  | mutation]
 11548 | D:8      | Lost mutation: You expend magic power (3 MP) to strengthen
                  | your wands. [potion of mutation]
 11548 | D:8      | Gained mutation: Your spells are a little harder to cast,
                  | but a little more powerful. [potion of mutation]
 11548 | D:8      | Gained mutation: Your muscles are strong. (Str +2) [potion
                  | of mutation]
 11551 | D:8      | HP: 3/93 [poisoned by a queen ant]
 11552 | D:8      | HP: 1/93 [poisoned by a queen ant]
 11553 | D:8      | Succumbed to a queen ant's poison

Illustrated notes

Levels and vault maps discovered:
D:1:      dpeg_arrival_signposts, layout_rooms, grunt_decor_resistance
D:2:      layout_rooms, kennysheep_vampire_church, grunt_ministairs_12,
          minmay_misc_feat_rugged, uniq_crazy_yiuf_cottage, uniq_jessica,
          uniq_terence
D:3:      layout_basic, chequers_temple_overflow_minitemple, marbit_many_paths,
          uniq_sigmund, uniq_natasha
D:4:      gammafunk_wand_slinger, layout_basic, gammafunk_ghost_smash,
          dk_noncrumbling_4, columned_hall_lemuel, uniq_duvessa
D:5:      layout_loops_ring, minmay_temple_entry_gardened_gates, minivault_26,
          minmay_small_thing
D:6:      layout_loops_ring, basic_altar, xom_redecorated
D:7:      layout_cave_pods, nicolae_overflow_crystal_walls, ashenzari_altar_1
D:8:      minmay_the_grid_triangle_9x9_recursive_2
          [minmay_the_grid_triangle_9x9_prize_top_heavy,
          minmay_the_grid_triangle_9x9_subtriangle,
          minmay_the_grid_triangle_9x9_cache,
          minmay_the_grid_triangle_9x9_intruding_spiral], layout_basic,
          yredelemnul_altar_generic, erik_lair_orcish_takeover, serial_shops,
          nicolae_shop_trees, nicolae_shop_temple_entry_statues_fountains,
          zaba_anthell
Temple:   minmay_temple_forest_path

Skill      XL: |  1  2  3  4  5  6  7  8  9 10 |
---------------+-------------------------------+-----
Conjurations   | 5 6 7 8 9 |  9.2
Spellcasting   | 4 5 6 7 8 10 | 10.0
Fighting       | 1 2 3 4 |  4.6
Hexes          | 2 3 4 5 7 8 |  8.3
Armour         | 1 2 3 4 5 |  5.0
Stealth        | 3 4 5 |  5.3
Evocations     | 1 2 3 5 |  5.1
Dodging        | 3 4 |  4.8
Staves         | 1 2 |  2.4
Translocations | 1 |  1.2
Invocations    | 3 |  3.1

Action                   |  1- 3 |  4- 6 |  7- 9 | 10-12 || total
-------------------------+-------+-------+-------+-------++-------
Melee: Dagger            |       |     5 |       |       ||     5
       Unarmed           |       |     3 |       |       ||     3
       Quarterstaff      |       |     1 |    16 |       ||    17
       Staff             |       |       |     7 |     7 ||    14
 Cast: Magic Dart        |    35 |    66 |    65 |     8 ||   174
       Searing Ray       |     2 |    15 |    48 |    27 ||    92
       Fulminant Prism   |       |       |    24 |    28 ||    52
       Iskenderun's Myst |       |       |     5 |     2 ||     7
       Dazzling Flash    |       |       |       |     5 ||     5
       Sticky Flame      |       |       |       |     1 ||     1
Invok: Channel Magic     |       |       |       |     2 ||     2
Evoke: Wand              |       |       |       |     5 ||     5
  Use: Scroll            |       |       |    17 |     3 ||    20
       Potion            |       |       |    11 |     3 ||    14
 Stab: Invisible         |       |       |       |     1 ||     1
Armor: Leather armour    |       |    24 |       |       ||    24
       Robe              |       |       |     7 |    11 ||    18
       Skin              |       |       |    11 |       ||    11
Dodge: Dodged            |     4 |    56 |    45 |    35 ||   140
